← All builds
Pond / Cortex / Economy first / OBSERVED BUILD

Sharpshooter buy

Cortex Pond build order · Supreme Isthmus

Pond buys Sharpshooters from Tech from around 5:09, paying heavily in metal and energy, sending them to fight in the middle as an early skirmish push while keeping its own economy going.

#push #team support · 106 distinct matches · 39 players · 15% of Cortex Pond games · team won 46% of 107 · Recently observed

THE CATCH, AND WHAT COMES WITH IT
  • SharpshooterSniper bot from Tech arrives 5:09 · 12% of role by thenTech makes it and hands it over.

Paid for by sending allies about 710 metal and 17,000 energy by 5:00; standard pond sends 110 metal and 10,000 energy.

Where those units first fight, in 107 games with kill data: in the middle 87%, on their own side 13%.

Those units destroy a typical 2,511 metal of enemy units by 15:00.

Then transitions into grunt (17% of army), tick (11% of army), rascal (10% of army).

HOW TO PLAY IT

Key timing: Sharpshooter handed over by 5:07

  1. Open tidals, mex and heavy wind/converter eco instead of a lab.
  2. Send Tech metal and energy to pay for the sniper buy.
  3. Take Sharpshooter 'sniper bot' units handed over by Tech.
  4. Fly snipers to the middle to support and snipe for front.
  5. Add an Advanced Metal Extractor as the eco transition.

Phase by phase

TYPICAL OF ITS 106 GAMES · AGAINST STANDARD POND
  1. 1
  2. 2
PLAY THE OPENING

Follow the example game's first 6:09 step by step: what to build now, what comes next, and where it goes. At 1× it keeps pace with your own game.

  1. 1

    Up to 5:00

    Economy
    • Metal Extractor4Mex
    • Tidal Generator8Tidalfor allies
    • Wind Turbine8Wind
    • Tidal Generator2Tidal
    • Energy Storage1Energy storage

    Some games also: converter (37%)

    By 5:00 in all: 4 mex · 8 wind · 2 tidal · 1 energy storage

    The example game in this phase · 10 steps
    1. Tidal ×9for Suicide front
    2. Tidal ×2
    3. Mex ×3
    4. Energy storage
    5. Mex
    6. Wind ×2
    7. Dragon's TeethDragon's Teeth ×4
    8. Wind
    9. Wind ×2
    10. Wind
  2. 2

    5:00 to 10:00

    Economy
    • Wind Turbine6Wind−11 vs standard

    Some games also: wind (40%) · converter (39%) · Guard (36%) · con turret (36%)

    The standard build makes here, this one skips: 3 converter

    By 10:00 in all: 4 mex · 20 wind · 2 tidal · 2 converter (standard 6) · 1 energy storage

    The example game in this phase · 93 steps
    1. GuardGuard
    2. Con turret
    3. GuardGuard
    4. Dragon's TeethDragon's Teeth ×3
    5. GuardGuard
    6. Wind ×2
    7. Bot LabBot Labdone 7:01
    8. Wind ×4
    9. GuardGuard
    10. Wind
    11. Advanced Construction BotT2 con botfor Tech
    12. Wind
    13. TickTick
    14. Wind
    15. TickTick ×2
    16. Wind
    17. GuardGuard
    18. TickTick
    19. Wind
    20. Con turret
    21. TickTick ×2
    22. GuardGuard
    23. TickTick
    24. Advanced Metal ExtractorT2 mexdone 9:19 · typical 10:06
    25. TickTick
    26. Con turret
    27. TickTick
    28. GuardGuard
    29. TickTick ×2
    30. GuardGuard ×3
    31. Wind
    32. TickTick
    33. Advanced Metal ExtractorT2 mex
    34. Wind
    35. TickTick ×3
    36. Wind
    37. TickTick
    38. Wind
    39. TickTick
    40. Mex
    41. TickTick
    42. Wind
    43. Advanced Metal ExtractorT2 mex
    44. TickTick ×2
    45. Wind
    46. JellyfishJellyfish
    47. TickTick ×2
    48. Wind ×2
    49. TickTick ×5
    50. GuardGuard
    51. TickTick ×3
    52. Wind
    53. TickTick
    54. Advanced Metal ExtractorT2 mex
    55. GuardGuard
    56. Wind
    57. TickTick ×2
    58. Wind
    59. PawnPawn
    60. Wind
    61. PawnPawn
    62. GuardGuard
    63. Con turret
    64. PawnPawn
    65. Wind
    66. PawnPawn
    67. Wind
    68. PawnPawn
    69. Wind
    70. PawnPawn
    71. Wind
    72. PawnPawn
    73. Wind
    74. PawnPawn
    75. Wind
    76. PawnPawn
    77. Mex
    78. Wind
    79. PawnPawn
    80. Con turret
    81. Wind
    82. PawnPawn ×3
    83. Wind
    84. PawnPawn
    85. Vehicle PlantVehicle Plantdone 12:08
    86. PawnPawn ×2
    87. Wind
    88. Fusion ReactorFusionnot finished by 15:00
    89. Wind
    90. PawnPawn
    91. BlitzBlitz
    92. PawnPawn
    93. BlitzBlitz

Counts are medians over the build's games: half of them build more, half fewer. The example game is Norpertuz's (31 OS, 29/08/2026); pick another.

Team trades

IN AT LEAST 30% OF ITS GAMES

You hand over

  • Tidal Generator8 Tidal to Suicide front or Frontfirst at 0:16 · in 97% of games

You get

  • Construction Bot1 Con bot from Geofirst at 2:26 · in 39% of games
  • Hercules1 Light transport from Air or Techfirst at 5:08 · in 36% of games
  • Sharpshooter2 Sniper bot from Techfirst at 5:09 · in 100% of games
  • Advanced Construction Bot1 T2 con bot from Techfirst at 8:30 · in 97% of games

How it plays out

Typical game of this build against the role’s standard build, running totals by minute

  • This build
  • Standard pond

Metal produced

010k20k
0:005:0010:0015:00

metal

Enemy metal destroyed

02k4k6k
0:005:0010:0015:00

metal

Own metal lost

02k4k
0:005:0010:0015:00

metal

Metal sent to allies

01k2k
0:005:0010:0015:00

metal

Energy sent to allies

025k50k75k
0:005:0010:0015:00

metal

107 games.

Show as table
ByMetal produced: This buildMetal produced: Standard pondEnemy metal destroyed: This buildEnemy metal destroyed: Standard pondOwn metal lost: This buildOwn metal lost: Standard pondMetal sent to allies: This buildMetal sent to allies: Standard pondEnergy sent to allies: This buildEnergy sent to allies: Standard pond
1:001151150000001464995
2:0026725900000032012365
3:0079973700000059504436
4:00147214090000243089886554
5:002194213000007121131677710268
6:0029002949000010354032771311852
7:003702382937000012294453518314303
8:00449348741160541408612794534032817340
9:0053766257185522047018913284684533021198
10:00641476612560350102164013884684718022906
11:00782998593233766138683614224685486425778
12:00986312092361211961892107514944826055827224
13:001195914534399815782088166115304826775032595
14:001409816881457518142628199515545326907437744
15:001612019361510426323074296416775486926941136
WHAT THE NUMBERS SAY

Won more often than the standard build, trading lower metal production for notably higher enemy metal destroyed.

  • + Destroyed 3035 enemy metal by 10:00, well above standard's 1229.
  • + Hercules transports arrive by 4:55 in 46% of games vs 15% role norm.
  • − Metal produced fell behind at every checkpoint, 16992 vs 19066 by 15:00.
  • − Own metal lost climbed to 1354 by 10:00 vs 755 standard.
THE EXAMPLE YOU ARE READING

Norpertuz

30.9 OS · 29/08/2026

Open source match ↗

6 received units · includes a constructor
135 metal received · 31825 energy received

Allied construction assistance is unknown. Timings are observations, not a promise of solo reproducibility.

Typical milestones

Advanced Metal Extractor10:06Middle 50%: 9:14–10:56 · n=100

Played most by

Boozha18games of this build[Grump]Matsuri13games of this buildDouglasBacon7games of this buildpyrothraxus5games of this build[Crd]Mind_The_Gap4games of this build

Supporting games

Pick a game to read and play it above.

Espera12/10/2026 · 38 OS↗TrollHardGoPro11/10/2026 · 37 OS↗[Crd]Mind_The_Gap11/10/2026 · 41 OS↗[Crd]Mind_The_Gap11/10/2026 · 41 OS↗Man_Riding_Shrimp09/10/2026 · 30 OS↗TrollHardGoPro09/10/2026 · 37 OS↗[Cookie]CottonBuds08/10/2026 · 31 OS↗Boozha06/10/2026 · 33 OS↗Norpertuz29/08/2026 · 31 OS↗
32 more of 99, the most recent[Crd]Mind_The_Gap06/10/2026 · 39 OS↗[Crd]HahnII06/10/2026 · 32 OS↗HALF_DALLAH_HABIT05/10/2026 · 33 OS↗Boozha04/10/2026 · 33 OS↗dzikiTygrys1204/10/2026 · 33 OS↗Espera03/10/2026 · 39 OS↗[Grump]Matsuri03/10/2026 · 39 OS↗zeus_on_god03/10/2026 · 38 OS↗s0uthy03/10/2026 · 38 OS↗Boozha02/10/2026 · 34 OS↗Vaticineur02/10/2026 · 33 OS↗[Grump]Grumpiness01/10/2026 · 48 OS↗s0uthy01/10/2026 · 36 OS↗Vaticineur30/09/2026 · 32 OS↗arcsiz29/09/2026 · 34 OS↗Boozha29/09/2026 · 33 OS↗enderOS128/09/2026 · 33 OS↗FrontLiner69er28/09/2026 · 31 OS↗[Crd]Mind_The_Gap27/09/2026 · 37 OS↗Milkdragon25/09/2026 · 31 OS↗Boozha25/09/2026 · 36 OS↗JustSomeGuy25/09/2026 · 38 OS↗Espera23/09/2026 · 37 OS↗[Grump]Matsuri23/09/2026 · 39 OS↗armjanus22/09/2026 · 40 OS↗Boozha22/09/2026 · 37 OS↗pyrothraxus21/09/2026 · 38 OS↗Boozha20/09/2026 · 36 OS↗Espera20/09/2026 · 38 OS↗JesterB18/09/2026 · 34 OS↗[Grump]Matsuri17/09/2026 · 40 OS↗[Grump]Matsuri17/09/2026 · 40 OS↗
Supreme Isthmus v2.1
Beyond All Reason test-31115-21dbf79
Naval balance tweaks on